 Dungeon Sprint DCSS version 0.30-a0-1161-g0704695555 (webtiles) character file.

Game seed: 3972176090464372916

2553 sircluck the Severer (level 9, -1/96 HPs)
             Began as a Hill Orc Berserker on Apr 27, 2023.
             Was a High Priest of Trog.
             Slain by a redback (9 damage)
             ... in the Dungeon (Sprint III: "The Ten Rune Challenge").
             The game lasted 00:02:30 (1168 turns).

sircluck the Severer (Hill Orc Berserker)           Turns: 1168, Time: 00:02:30

Health: -1/96      AC:  2    Str: 24    XL:     9   Next: 56%
Magic:  9/9        EV: 12    Int:  7    God:    Trog [*****.]
Gold:   18         SH:  7    Dex: 10    Spells: 8/8 levels left

rFire   . . .        a - +0 hand axe
rCold   . . .        p - +0 kite shield
rNeg    . . .        b - +0 animal skin
rPois   .            (no helmet)
rElec   .            (no cloak)
rCorr   .            (no gloves)
SInv    .            (no boots)
Will    .....        (no amulet)
Stlth   ++           (no ring)
HPRegen 0.36/turn    (no ring)
MPRegen 0.11/turn

%: no teleportation
@: no status effects
A: no striking features
a: Renounce Religion, Berserk, Trog's Hand, Brothers in Arms


You were in the Dungeon.
You worshipped Trog.
Trog was extremely pleased with you.
You visited 1 branch You collected 18 gold pieces.

Inventory:

Hand Weapons
 a - a +0 hand axe (weapon)
 t - a +1 antimagic dire flail
Armour
 b - a +0 animal skin (worn)
 p - a +0 kite shield (worn)
Wands
 r - a wand of flame (14)
Scrolls
 h - a scroll of blinking
 i - a scroll of fog {unknown}
 l - a scroll of poison {unknown}
 m - 3 scrolls of identify
 o - a scroll of torment {unknown}
Potions
 c - 3 potions of curing
 d - 2 potions of heal wounds
 e - a potion of haste
 f - 2 potions of magic
 g - a potion of berserk rage
 j - a potion of lignification {unknown}
 k - 3 potions of mutation {unknown}
 n - 2 potions of flight {unknown}
 q - a potion of might
Miscellaneous
 s - a lightning rod (4/4)


   Skills:
 + Level 14.7 Fighting
 + Level 18.6 Axes
 + Level 6.9 Armour
 + Level 6.7 Dodging
 + Level 2.4 Stealth
 + Level 2.6 Shields


You had 8 spell levels left.
You didn't know any spells.
Your spell library was empty.

Dungeon Overview and Level Annotations

Branches:
Dungeon (1/1)

Altars:
Cheibriados
Dithmenos
Elyvilon
Fedhas
Gozag
Hepliaklqana
Kikubaaqudgha
Makhleb
Nemelex Xobeh
Okawaru
Qazlal
Ru
Sif Muna
Trog
Uskayaw
Vehumet
Wu Jian
Xom
Yredelemnul
Zin
The Shining One
Beogh
Jiyva
Lugonu


Message History

The redback is heavily wounded.
You feel extremely sick. The redback barely misses you. The redback misses you.
You closely miss the redback.
The redback is heavily wounded.
You feel extremely sick. The redback closely misses you.
You barely miss the redback.
The redback is heavily wounded.
You feel very sick. You block the redback's attack.
You miss the redback.
The redback is heavily wounded.
You feel very sick. You block the redback's attack.
You barely miss the redback.
The redback is heavily wounded.
You feel very sick. You block the redback's attack.
You hit the redback.
The redback is severely wounded.
You feel very sick. The redback bites you.
You are lethally poisoned!
The redback poisons you!
You barely miss the redback.
The redback is severely wounded.
You feel extremely sick. The redback bites you!
* * * LOW HITPOINT WARNING * * *
You closely miss the redback.
The redback is severely wounded.
* * * LOW HITPOINT WARNING * * *
You feel extremely sick. The redback bites you!
* * * LOW HITPOINT WARNING * * *
You are more poisoned.
The redback poisons you!
You feel better. The redback bites you!
You die...

__# ._# )## ..# ..# #'#
..#+##############
..#....#.#.#.....# .
..##.#..#.##.###@# ...
.)'##.#.#.##)#.s##.....
.)#...#..#..##..'.^..^.
▓▓▓▓▓▓▓▓▓▓▓▓▓▓▓▓#^.....
.s...^ ...^. ^..^. ####


You could see a redback.

Vanquished Creatures
  Erolcha (D)
  A deep elf pyromancer (D)
  A shadow (D)
  3 two-headed ogres (D)
  A necrophage (D)
  A water elemental (D)
  A jelly (D)
  Jessica (D)
  A wizard (D)
  A necromancer (D)
  3 humans (D)
  A kobold demonologist (D)
  A phantom (D)
  3 rats (D)
20 creatures vanquished.

Vanquished Creatures (collateral kills)
  A spatial vortex (D)
  2 two-headed ogres (D)
3 creatures vanquished.

Grand Total: 23 creatures vanquished

Notes
Turn   | Place    | Note
-------+----------+-------------------------------------------
     0 | D        | sircluck the Hill Orc Berserker began the quest for the
                  | Orb.
     0 | D        | Reached XP level 1. HP: 19/19 MP: 1/1
    18 | D        | Noticed Jessica
    22 | D        | Reached ** piety under Trog
    23 | D        | Killed Jessica
    24 | D        | Reached skill level 5 in Fighting
    24 | D        | Reached skill level 6 in Axes
    24 | D        | Reached XP level 2. HP: 17/30 MP: 2/2
    24 | D        | Reached XP level 3. HP: 21/37 MP: 3/3
   141 | D        | Reached skill level 7 in Axes
   299 | D        | Noticed a water elemental
   306 | D        | Killed a water elemental
   307 | D        | Reached skill level 8 in Axes
   307 | D        | Reached XP level 4. HP: 47/47 MP: 4/4
   360 | D        | Reached *** piety under Trog
   423 | D        | Found a glowing silver altar of Zin.
   423 | D        | Found a glowing golden altar of the Shining One.
   423 | D        | Found a white marble altar of Elyvilon.
   427 | D        | Found a hide-covered altar of Uskayaw.
   427 | D        | Found a roughly hewn altar of Beogh.
   427 | D        | Found an iron altar of Okawaru.
   427 | D        | Found a bloodstained altar of Trog.
   427 | D        | Found an ornate altar of the Wu Jian Council.
   427 | D        | Noticed a human
   439 | D        | Killed a human
   440 | D        | Reached skill level 11 in Axes
   440 | D        | Reached XP level 5. HP: 57/57 MP: 5/5
   440 | D        | Reached XP level 6. HP: 63/63 MP: 6/6
   440 | D        | Noticed a human
   451 | D        | Killed a human
   452 | D        | Reached skill level 10 in Fighting
   452 | D        | Reached skill level 12 in Axes
   452 | D        | Reached skill level 5 in Armour
   452 | D        | Reached skill level 1 in Stealth
   495 | D        | Found a basalt altar of Yredelemnul.
   495 | D        | Found a shadowy altar of Dithmenos.
   495 | D        | Found a sacrificial altar of Ru.
   501 | D        | Reached XP level 7. HP: 65/73 MP: 7/7
   502 | D        | Reached **** piety under Trog
   503 | D        | Reached skill level 13 in Axes
   539 | D        | Found a radiant altar of Vehumet.
   539 | D        | Found a shimmering blue altar of Sif Muna.
   539 | D        | Found an ancient bone altar of Kikubaaqudgha.
   576 | D        | Noticed a deep elf pyromancer
   585 | D        | Killed a deep elf pyromancer
   585 | D        | Reached ***** piety under Trog
   586 | D        | Reached skill level 15 in Axes
   586 | D        | Reached skill level 5 in Dodging
   586 | D        | Reached XP level 8. HP: 83/83 MP: 8/8
   861 | D        | Noticed a shadow
   864 | D        | Killed a shadow
   882 | D        | Reached skill level 16 in Axes
   884 | D        | Found a blossoming altar of Fedhas.
   884 | D        | Found a stormy altar of Qazlal.
   884 | D        | Found a snail-covered altar of Cheibriados.
   884 | D        | Found a burning altar of Makhleb.
   884 | D        | Found a shimmering altar of Xom.
   885 | D        | Found a hazy altar of Hepliaklqana.
   885 | D        | Found an opulent altar of Gozag.
   885 | D        | Found a sparkling altar of Nemelex Xobeh.
   885 | D        | Found a corrupted altar of Lugonu.
   885 | D        | Found a viscous altar of Jiyva.
  1012 | D        | Noticed a two-headed ogre
  1021 | D        | Killed a two-headed ogre
  1021 | D        | Received a gift from Trog
  1022 | D        | Reached skill level 17 in Axes
  1022 | D        | Reached skill level 1 in Shields
  1022 | D        | Reached XP level 9. HP: 93/93 MP: 9/9
  1075 | D        | Noticed Erolcha
  1075 | D        | Noticed a two-headed ogre
  1081 | D        | Killed Erolcha
  1082 | D        | Reached skill level 18 in Axes
  1088 | D        | Killed a two-headed ogre
  1167 | D        | HP: 1/96 [redback (15)]
  1168 | D        | Slain by a redback

Illustrated notes

Levels and vault maps discovered:
D:        dungeon_sprint_mu [sprint_mu_entry_forest, sprint_mu_temple_rooms,
          sprint_mu_d1_spiders, sprint_mu_d2_genie, sprint_mu_d3_branching,
          sprint_mu_orc_legion, sprint_mu_elf_gauntlet, sprint_mu_hive_nellie,
          sprint_mu_lair_fedhas, sprint_mu_vaults_butterflies,
          sprint_mu_slime_circle, sprint_mu_swamp_cave, sprint_mu_snake_twists,
          sprint_mu_blade_basic, sprint_mu_crypt_lich, sprint_mu_tomb_spiral,
          sprint_mu_vestibule_basic, sprint_mu_gehenna_hellfire,
          sprint_mu_dis_giant, sprint_mu_tartarus_statrot,
          sprint_mu_cocytus_islands, sprint_mu_zot1]

Skill      XL: |  1  2  3  4  5  6  7  8  9 |
---------------+----------------------------+-----
Fighting       | 5 7 9 10 12 13 14 | 14.7
Axes           | 6 8 11 12 15 17 18 | 18.6
Armour         | 3 4 5 6 |  6.9
Dodging        | 2 3 4 5 6 |  6.7
Stealth        | 1 2 |  2.4
Shields        | 1 2 |  2.6

Action                     |  1- 3 |  4- 6 |  7- 9 || total
---------------------------+-------+-------+-------++-------
  Melee: Hand axe          |    26 |    31 |    77 ||   134
         Punch             |     1 |       |       ||     1
 Invoke: Berserk           |     3 |     1 |     5 ||     9
         Brothers in Arms  |       |       |     1 ||     1
    Use: Potion            |       |       |     1 ||     1
 Armour: Animal skin       |     4 |     1 |     1 ||     6
  Dodge: Dodged            |    13 |     7 |    22 ||    42
  Block: Kite shield       |       |       |    16 ||    16

Table legend: (Time is in decaauts)
 A = Elapsed time spent in this place.
 B = Non-inter-level travel time spent in this place.
 C = Inter-level travel time spent in this place.
 D = Time resting spent in this place.
 E = Time spent auto-exploring this place.
 F = Levels seen in this place.
 G = Mean time per level.
                   A        B        C        D        E       F      G
               +--------+--------+--------+--------+--------+-----+--------+
         Total |   1233 |   1230 |      3 |    617 |    334 |   1 | 1233.0 |
       Dungeon |   1233 |   1230 |      3 |    617 |    334 |   1 | 1233.0 |
               +--------+--------+--------+--------+--------+-----+--------+

Top non-repeatable levels by time:
       D: 1233 daAuts
